[Event "Titled Tuesday Blitz May 24 Late 2022"]
[White "Tanenbaum, Zachary"]
[Black "Pesotskiy, Mikhail"]
[WhiteFideId "2060850"]
[BlackFideId "34164453"]
[WhiteElo "2168"]
[BlackElo "2010"]
[Result "0-1"]
[Round "06"]
[TimeControl "180+1"]
[Date "2022.05.25"]
[WhiteClock "0:00:05"]
[BlackClock "0:00:14"]

1. e4 e6 2. d4 d5 3. Nc3 Bb4 4. exd5 exd5 5. Bd3 c6 6. Nf3 Nf6 7. O-O O-O 8. Bg5 Bg4 9. h3 Bh5 10. Bf5 Bg6 11. Nh4 h6 12. Nxg6 fxg6 13. Be6+ Kh7 14. Bh4 Qd6 15. Re1 Re8 16. Bg3 Qf8 17. Qd3 Ne4 18. Nxe4 Bxe1 19. Rxe1 dxe4 20. Rxe4 Qf6 21. d5 cxd5 22. Bxd5 Rxe4 23. Bxb7 Rd4 24. Qe2 Rb4 25. Bxa8 Rxb2 26. Be5 Rb1+ 27. Kh2 Qe7 28. Be4 Nd7 29. Bg3 Qe8 30. c4 Nf6 31. f3 Nxe4 32. fxe4 Qd7 33. c5 Qd1 34. Qxd1 Rxd1 35. c6 Rc1 36. c7 Kg8 37. Bf4 Rc2 38. Kg3 Kf7 39. Kf3 Ke6 40. a4 g5 41. Bg3 Rc3+ 42. Kg4 g6 43. Bh2 Kf6 44. e5+ Ke6 45. h4 gxh4 46. Kxh4 Rxc7 47. Kg4 Rc4+ 48. Kf3 Rxa4 49. Bf4 g5 50. Be3 Kxe5 51. Bf2 Kf5 52. Kg3 Ra3+ 53. Kh2 Ra2 54. Bd4 a5 55. Bg7 h5 56. Bh6 a4 57. Bf8 Kg4 58. Bd6 Rc2 59. Kg1 Rc6 60. Ba3 Rc3 61. Bb4 Rb3 62. Bc5 a3 63. Kh2 a2 64. Bf2 Rb1 65. Bd4 a1=Q 66. Be3 Rh1# 0-1


[Site "https://www.chess.com"]

[Event "Titled Tuesday Blitz May 24 Late 2022"]
[White "Tisaj, Domen"]
[Black "Tristan, Leonardo"]
[WhiteFideId "14628708"]
[BlackFideId "113816"]
[WhiteElo "2326"]
[BlackElo "2404"]
[Result "0-1"]
[Round "06"]
[TimeControl "180+1"]
[Date "2022.05.24"]
[WhiteClock "0:00:22"]
[BlackClock "0:00:07"]

1. h3 d5 2. d4 Nf6 3. Nf3 Bf5 4. e3 e6 5. Bd3 Bg6 6. Bxg6 hxg6 7. c4 c5 8. cxd5 Nxd5 9. Nc3 Nc6 10. e4 Nxc3 11. bxc3 cxd4 12. cxd4 Bb4+ 13. Bd2 Qa5 14. Bxb4 Qxb4+ 15. Qd2 O-O 16. a3 Qc4 17. Rc1 Qa6 18. h4 Rfd8 19. h5 gxh5 20. Rxh5 Qxa3 21. Ke2 Nxd4+ 22. Nxd4 Rxd4 23. Qxd4 Qxc1 24. Rc5 Qf4 25. g3 Qg4+ 26. Ke3 b6 27. Rc7 Qg5+ 28. Ke2 Rd8 29. Qc3 Qb5+ 30. Ke3 a5 31. Rb7 a4 32. Ra7 Rd1 33. e5 Qb3 34. Rc7 b5 35. Ke2 Qxc3 36. Rxc3 Rd5 37. f4 Kh7 38. Rc8 b4 39. Rb8 b3 40. Rb4 Ra5 41. Kd2 a3 0-1


[Site "https://www.chess.com"]

[Event "Titled Tuesday Blitz May 24 Late 2022"]
[White "Turutin, Alexander"]
[Black "Kujawski, Adam"]
[WhiteFideId "4180623"]
[BlackFideId "1100920"]
[WhiteElo "2402"]
[BlackElo "1982"]
[Result "1-0"]
[Round "06"]
[TimeControl "180+1"]
[Date "2022.05.25"]
[WhiteClock "0:00:21"]
[BlackClock "0:00:05"]

1. e4 e5 2. Nf3 Nc6 3. Bb5 a6 4. Ba4 Nf6 5. O-O Be7 6. Re1 b5 7. Bb3 d6 8. c3 O-O 9. h3 Nb8 10. d4 Nbd7 11. Nbd2 Bb7 12. Bc2 Re8 13. Nf1 Bf8 14. Ng3 g6 15. b3 c5 16. d5 Nb6 17. Bg5 Be7 18. Qd2 a5 19. h4 a4 20. h5 axb3 21. axb3 Qd7 22. Nh2 Rxa1 23. Rxa1 Ra8 24. Rxa8+ Bxa8 25. hxg6 hxg6 26. f4 exf4 27. Qxf4 Nfxd5 28. exd5 Nxd5 29. Qh4 Bxg5 30. Qxg5 Nxc3 31. Ng4 Qc6 32. Be4 Nxe4 33. Nxe4 Kf8 34. Qd8+ Kg7 35. Qf6+ Kf8 36. Nh6 Qd5 37. Qh8+ Ke7 38. Ng8+ Ke6 39. Qf6+ Kd7 40. Qe7+ Kc6 41. Ngf6 Qd4+ 42. Kh2 Qe5+ 43. Qxe5 dxe5 44. Kg3 c4 45. bxc4 bxc4 46. Kf2 Kb5 47. Nd6+ Kb4 48. Nxf7 c3 49. Nxe5 Kb3 50. g4 c2 51. Nd3 Kc3 52. Ke3 Bc6 53. Nc1 Bb5 54. Ne4+ Kb2 55. Kd2 Bd7 56. g5 Bf5 57. Nd6 Ka3 58. Nxf5 gxf5 59. Kxc2 Kb4 60. g6 1-0


[Site "https://www.chess.com"]

[Event "Titled Tuesday Blitz May 24 Late 2022"]
[White "Vajda, Levente"]
[Black "Zhigalko, Sergei"]
[WhiteFideId "1203975"]
[BlackFideId "13502956"]
[WhiteElo "2573"]
[BlackElo "2662"]
[Result "0-1"]
[Round "06"]
[TimeControl "180+1"]
[Date "2022.05.24"]
[WhiteClock "0:00:06"]
[BlackClock "0:00:04"]

1. e4 c5 2. c3 Nf6 3. e5 Nd5 4. d4 cxd4 5. Nf3 Nc6 6. cxd4 d6 7. Bc4 Nb6 8. Bb5 d5 9. O-O Bf5 10. Nh4 Bd7 11. Nc3 e6 12. g3 Rc8 13. Ng2 a6 14. Be2 f6 15. exf6 Qxf6 16. Be3 Bd6 17. b3 O-O 18. Nf4 Bxf4 19. gxf4 Be8 20. Rc1 Bg6 21. Kh1 Ne7 22. Rg1 Nf5 23. Bd3 Rc6 24. Bxf5 Bxf5 25. f3 Rfc8 26. Ne2 Rxc1 27. Nxc1 Rc2 28. Rg2 Rxg2 29. Kxg2 Qg6+ 30. Kh1 Bh3 31. Qd2 Qb1 32. Qd3 Qb2 33. Qd2 Qb1 34. Qd3 Qa1 35. Qc2 h6 36. Kg1 Nd7 37. Kf2 Nf8 38. Kg3 Bf5 39. Qd2 Ng6 40. h4 Ne7 41. h5 Bb1 42. Kf2 Nf5 0-1


[Site "https://www.chess.com"]

[Event "Titled Tuesday Blitz May 24 Late 2022"]
[White "Vasquez Schroeder, Rodrigo"]
[Black "Yanayt, Eugene"]
[WhiteFideId "3400042"]
[BlackFideId "2020165"]
[WhiteElo "2567"]
[BlackElo "2046"]
[Result "1-0"]
[Round "06"]
[TimeControl "180+1"]
[Date "2022.05.24"]
[WhiteClock "0:01:40"]
[BlackClock "0:00:03"]

1. e4 c5 2. Nf3 d6 3. d4 cxd4 4. Nxd4 Nf6 5. Nc3 a6 6. Bg5 e6 7. f4 Be7 8. Qf3 Nbd7 9. O-O-O Qc7 10. Bd3 h6 11. Bh4 g5 12. fxg5 Ne5 13. Qe2 hxg5 14. Bxg5 Nfg4 15. Bxe7 Qxe7 16. Nf3 Bd7 17. h3 Nxf3 18. gxf3 Ne5 19. f4 Nc6 20. Qf2 Qh4 21. Qe3 O-O-O 22. Be2 Qe7 23. Rd3 Be8 24. Rhd1 f6 25. Na4 Bf7 26. Nb6+ Kb8 27. a3 Qc7 28. Rc3 Rh4 29. Bg4 Bh5 30. Bxh5 Rxh5 31. Kb1 Rdh8 32. Nc4 Rxh3 33. Qxh3 Rxh3 34. Rxh3 d5 35. exd5 exd5 36. Ne3 Qxf4 37. Nxd5 Qg4 38. Rhh1 f5 39. Rhf1 Ne5 40. Ne3 Qe4 41. Nxf5 Nc4 42. Nd6 Nxd6 43. Rxd6 a5 44. Rfd1 Ka7 45. R6d4 Qe7 46. a4 Qc7 47. Rd5 Ka6 48. b3 Qc3 49. Rb5 b6 50. Rd6 Ka7 51. Rbxb6 Qe1+ 52. Ka2 Qc3 53. Ra6+ Kb7 54. Rdb6+ Kc7 55. Rc6+ Qxc6 56. Rxc6+ Kxc6 57. c3 Kc5 58. Ka3 1-0


[Site "https://www.chess.com"]

[Event "Titled Tuesday Blitz May 24 Late 2022"]
[White "Vega Gutierrez, Sabrina"]
[Black "Novikova, Galina"]
[WhiteFideId "2219026"]
[BlackFideId "4157095"]
[WhiteElo "2286"]
[BlackElo "1863"]
[Result "1-0"]
[Round "06"]
[TimeControl "180+1"]
[Date "2022.05.25"]
[WhiteClock "0:00:06"]
[BlackClock "0:00:06"]

1. e4 e6 2. Qe2 d5 3. exd5 Qxd5 4. Nc3 Qd8 5. Nf3 Nf6 6. d4 c6 7. Bd2 Be7 8. O-O-O b5 9. Ne5 O-O 10. Kb1 a5 11. g4 a4 12. Bg2 b4 13. Ne4 b3 14. cxb3 axb3 15. a3 Nd5 16. Rc1 Qc7 17. g5 Bxa3 18. bxa3 Rxa3 19. Bc3 Nxc3+ 20. Rxc3 Qa7 21. Qb2 Ra2 22. Qxb3 Ra1+ 23. Kb2 Rxh1 24. Bxh1 Qxd4 25. Qxb8 Ba6 26. Qc7 Bb5 27. Nxc6 Bxc6 28. Qxc6 Rb8+ 29. Kc2 Rd8 30. Bf3 h6 31. Be2 Rb8 32. gxh6 Qb4 33. hxg7 Qb1+ 34. Kd2 Rd8+ 35. Ke3 Kxg7 36. Qc7 Rd5 37. Qg3+ Kf8 38. f4 Qb6+ 39. Kf3 Rf5 40. Rc8+ Ke7 41. Qh4+ Kd7 42. Rc3 Qb4 43. Qf2 Rd5 44. Qe3 Qe7 45. Ng5 Qf6 46. Ne4 Qh4 47. Rd3 Qh3+ 48. Ng3 Qxh2 49. Rxd5+ exd5 50. Qe5 Kc6 51. Qf6+ Kc5 52. Qxf7 Qg1 53. Qe7+ Kc6 54. Qe6+ Kc5 55. Qc8+ Kd6 56. Qb8+ Kc5 57. Qa7+ Kb4 58. Qxg1 1-0


[Site "https://www.chess.com"]

[Event "Titled Tuesday Blitz May 24 Late 2022"]
[White "Veiga, Emerson de Sousa"]
[Black "Aung Thant Zin"]
[WhiteFideId "2151898"]
[BlackFideId "13000063"]
[WhiteElo "2034"]
[BlackElo "2278"]
[Result "0-1"]
[Round "06"]
[TimeControl "180+1"]
[Date "2022.05.25"]
[WhiteClock "0:00:01"]
[BlackClock "0:00:13"]

1. e4 c5 2. Nf3 Nc6 3. d4 cxd4 4. Nxd4 Nf6 5. Nc3 d6 6. Bg5 e6 7. Qd2 a6 8. f4 h6 9. Bh4 Be7 10. Nf3 Nxe4 11. Nxe4 Bxh4+ 12. Nxh4 Qxh4+ 13. g3 Qd8 14. Nxd6+ Ke7 15. O-O-O Qc7 16. Bg2 Rd8 17. Nxc8+ Raxc8 18. Qc3 Nd4 19. Qxc7+ Rxc7 20. c3 Nf5 21. Rxd8 Kxd8 22. Rd1+ Ke7 23. Rd3 f6 24. a4 Nd6 25. Kc2 Rc5 26. b4 Rc7 27. Kb3 b6 28. Rd4 a5 29. Bf1 e5 30. fxe5 fxe5 31. Rd5 Ke6 32. Rd1 e4 33. Rd4 Ke5 34. Bg2 g5 35. Bh1 h5 36. Bg2 h4 37. Bh1 Rf7 38. bxa5 bxa5 39. gxh4 gxh4 40. Bg2 Rf2 41. Bh3 Rxh2 42. Bd7 e3 43. Bc6 e2 44. Rd5+ Ke6 45. Rd2 e1=Q 46. Rxh2 Qd1+ 47. Rc2 h3 48. c4 h2 0-1


[Site "https://www.chess.com"]

[Event "Titled Tuesday Blitz May 24 Late 2022"]
[White "Vivas Zamora, Fabian Ernesto"]
[Black "Hasangatin, Ramil"]
[WhiteFideId "3902480"]
[BlackFideId "4122160"]
[WhiteElo "2471"]
[BlackElo "2652"]
[Result "0-1"]
[Round "06"]
[TimeControl "180+1"]
[Date "2022.05.25"]
[WhiteClock "0:00:03"]
[BlackClock "0:00:35"]

1. c4 e5 2. Nc3 Nf6 3. Nf3 Nc6 4. e4 d6 5. d4 Bg4 6. d5 Bxf3 7. gxf3 Nd4 8. Be3 Be7 9. Rg1 O-O 10. Bxd4 exd4 11. Qxd4 Nh5 12. O-O-O Bg5+ 13. Kb1 Qf6 14. Nb5 Qxd4 15. Nxd4 Bf4 16. h4 g6 17. Bh3 a6 18. Bg4 Nf6 19. Ne2 Bh6 20. Kc2 Rfe8 21. Kd3 Re7 22. Ng3 Kf8 23. h5 a5 24. hxg6 hxg6 25. Rh1 Bg7 26. Ne2 Rae8 27. Bh3 Nh5 28. Bg4 Nf6 29. Bh3 Bh6 30. b3 Kg7 31. Nc3 Rh8 32. Bf1 Nh5 33. Kc2 Bf4 34. Bd3 Be5 35. Ne2 Ree8 36. Rdg1 Nf4 37. Nxf4 Bxf4 38. a3 Kf6 39. b4 axb4 40. axb4 Rxh1 41. Rxh1 Ra8 42. Kb2 Be5+ 43. Kb3 Bd4 44. f4 Bxf2 45. Rh7 Re8 46. c5 Bg3 47. cxd6 cxd6 48. Bb5 Rxe4 49. Bd7 Rxf4 50. Ka4 Be1 51. Be8 Ke7 52. Bxf7 Rxf7 53. Rh4 g5 54. Re4+ Kf6 55. Rxe1 Re7 56. Kb5 Rxe1 0-1


[Site "https://www.chess.com"]

[Event "Titled Tuesday Blitz May 24 Late 2022"]
[White "Vovk, Orest"]
[Black "Kaasen, Tor Fredrik"]
[WhiteFideId "14113490"]
[BlackFideId "1516647"]
[WhiteElo "2559"]
[BlackElo "2793"]
[Result "0-1"]
[Round "06"]
[TimeControl "180+1"]
[Date "2022.05.25"]
[WhiteClock "0:00:17"]
[BlackClock "0:00:31"]

1. h4 e5 2. h5 d5 3. h6 g6 4. d4 e4 5. c4 c6 6. Nc3 Nf6 7. Bf4 Be6 8. Qb3 Qb6 9. e3 Qxb3 10. axb3 Nbd7 11. c5 a6 12. b4 Rc8 13. Nge2 Nh5 14. Rxh5 gxh5 15. Nc1 Be7 16. Nb3 Bd8 17. Na5 Bxa5 18. bxa5 Rg8 19. Ra4 Ra8 20. Rb4 Ra7 21. Na4 Rg6 22. g3 h4 23. Be2 h3 24. Kf1 Ke7 25. Kg1 Nf6 26. Nb6 Ng4 27. Bxg4 Bxg4 28. Kh2 Ke6 29. Bb8 Rf6 30. Bf4 Ke7 31. Nc8+ Bxc8 32. Rb6 Rxf4 33. gxf4 Kf6 34. Kg3 Ra8 35. Rb3 Rb8 36. Ra3 Bf5 37. Rb3 Rg8+ 38. Kh2 Rg2+ 39. Kh1 Bc8 0-1


[Site "https://www.chess.com"]

[Event "Titled Tuesday Blitz May 24 Late 2022"]
[White "Wieczorek, Oskar"]
[Black "Oparin, Grigoriy"]
[WhiteFideId "1133950"]
[BlackFideId "24125890"]
[WhiteElo "2330"]
[BlackElo "2665"]
[Result "1-0"]
[Round "06"]
[TimeControl "180+1"]
[Date "2022.05.24"]
[WhiteClock "0:00:56"]
[BlackClock "0:01:23"]

1. e4 c5 2. Nf3 d6 3. d4 cxd4 4. Nxd4 Nf6 5. Nc3 Nc6 6. h3 e5 7. Nde2 Be7 8. g4 Be6 9. Bg2 O-O 10. Ng3 Rc8 11. Be3 a6 12. O-O g6 13. a4 Nb4 14. a5 Qc7 15. Qd2 Nd7 16. Rfc1 Qb8 17. Nd5 Bxd5 18. exd5 f5 19. gxf5 gxf5 20. Bh6 Rc4 21. Bxf8 Qxf8 22. c3 h6 23. Qe2 Rh4 24. cxb4 e4 25. Rc7 Ne5 26. Rac1 Nd3 27. Rc8 Bd8 28. R1c7 Bxc7 29. Rxf8+ Kxf8 30. Nxf5 Rf4 31. Qh5 1-0


[Site "https://www.chess.com"]

[Event "Titled Tuesday Blitz May 24 Late 2022"]
[White "Zamorano, Jorge"]
[Black "Stevens, Christian"]
[WhiteFideId "173770"]
[BlackFideId "2604450"]
[WhiteElo "2331"]
[BlackElo "2550"]
[Result "1-0"]
[Round "06"]
[TimeControl "180+1"]
[Date "2022.05.25"]
[WhiteClock "0:00:04"]
[BlackClock "0:00:01"]

1. d4 Nf6 2. c4 e6 3. Nf3 d5 4. Nc3 c6 5. e3 Nbd7 6. Qc2 Bd6 7. b3 O-O 8. Be2 Qe7 9. O-O e5 10. dxe5 Nxe5 11. cxd5 Nxf3+ 12. Bxf3 Qe5 13. g3 Bg4 14. Bg2 cxd5 15. Bb2 Qh5 16. f3 Bf5 17. Qd2 Rad8 18. Ne2 a6 19. Rac1 Rfe8 20. Rfd1 Qh6 21. Nf4 Bb8 22. Qf2 Ba7 23. Bd4 Bxd4 24. Rxd4 g5 25. Ne2 g4 26. Nf4 gxf3 27. Bxf3 Bg4 28. Rcd1 Ne4 29. Qg2 Bxf3 30. Qxf3 Ng5 31. Qg4 Qg7 32. h4 Ne4 33. Qxg7+ Kxg7 34. Kg2 Rc8 35. Re1 Rc2+ 36. Re2 Rxe2+ 37. Nxe2 Nf6 38. Kf3 Rc8 39. Nf4 Rc2 40. g4 Rxa2 41. g5 Ne4 42. Nxd5 Nd2+ 43. Kf4 Nxb3 44. Rb4 Nc5 45. Kf5 Rf2+ 46. Nf4 Ne6 47. Rxb7 Nxf4 48. exf4 a5 49. h5 a4 50. h6+ Kf8 51. Ra7 Ra2 52. Kf6 Rf2 53. f5 Ke8 54. Rxa4 Re2 55. Ra8+ Kd7 56. Kxf7 Rf2 57. f6 Kd6 58. Rd8+ Ke5 59. Kg7 Rg2 60. f7 Rxg5+ 61. Kxh7 Rf5 62. f8=Q Rf7+ 63. Qxf7 1-0


[Site "https://www.chess.com"]

[Event "Titled Tuesday Blitz May 24 Late 2022"]
[White "Zherebtsova, Alexandra"]
[Black "Dahlgren, James Allen"]
[WhiteFideId "24129518"]
[BlackFideId "22256873"]
[WhiteElo "2025"]
[BlackElo "2072"]
[Result "1-0"]
[Round "06"]
[TimeControl "180+1"]
[Date "2022.05.25"]
[WhiteClock "0:00:19"]
[BlackClock "0:00:04"]

1. d4 e6 2. Nf3 c5 3. c4 Nf6 4. d5 exd5 5. cxd5 d6 6. Nc3 g6 7. h3 Bg7 8. Bf4 O-O 9. e3 a6 10. a4 Re8 11. Nd2 Qe7 12. Bd3 Nbd7 13. Nc4 Ne5 14. Bxe5 dxe5 15. e4 Nh5 16. Nb6 Rb8 17. g3 Qd6 18. a5 Bd7 19. Be2 Nf6 20. Qc2 h5 21. Kf1 Rbd8 22. Kg2 Nh7 23. Nc4 Qf8 24. Nb6 f5 25. f3 f4 26. g4 h4 27. Bc4 Kh8 28. Rhd1 Ng5 29. Qf2 Bf6 30. Rd2 Kg7 31. Nca4 Qd6 32. Nxc5 Bc8 33. b4 Be7 34. Bb3 Qf6 35. Ba4 Bxc5 36. bxc5 Re7 37. d6 Rf7 38. d7 Bxd7 39. Rxd7 Rfxd7 1-0


[Site "https://www.chess.com"]

[Event "Titled Tuesday Blitz May 24 Late 2022"]
[White "Zhurbinsky, David"]
[Black "Yuan, Qingyu"]
[WhiteFideId "2072904"]
[BlackFideId "8609772"]
[WhiteElo "2560"]
[BlackElo "2819"]
[Result "0-1"]
[Round "06"]
[TimeControl "180+1"]
[Date "2022.05.25"]
[WhiteClock "0:00:20"]
[BlackClock "0:00:13"]

1. e4 c6 2. d4 d5 3. Nc3 dxe4 4. Nxe4 Nf6 5. Nxf6+ exf6 6. Be3 Bd6 7. Nf3 O-O 8. Bd3 Re8 9. O-O Bg4 10. h3 Bh5 11. c3 Nd7 12. Re1 Nf8 13. Rc1 Bc7 14. c4 Ne6 15. Bf5 Bxf3 16. Qxf3 Nxd4 17. Bxd4 Qxd4 18. Red1 Qxb2 19. Rb1 Qe5 20. g3 Bb6 21. Kg2 g6 22. Bc2 Kg7 23. Rd7 Re7 24. Rbd1 Rae8 25. h4 h5 26. R1d2 Qe6 27. Rxe7 Rxe7 28. Bd3 Rd7 29. Re2 Qd6 30. Be4 Qd4 31. g4 hxg4 32. Qxg4 Qxc4 33. h5 f5 34. Bxf5 Qxg4+ 35. Bxg4 Rc7 36. f4 Bd4 37. Kf3 c5 38. f5 gxh5 39. Bxh5 Kf6 40. Kf4 Re7 41. Rc2 b6 42. Bg4 Re3 43. a4 Ra3 44. Rc4 Ke7 45. Rc2 Kd6 46. Kg5 f6+ 47. Kg6 Rxa4 48. Re2 Be5 49. Bf3 Rd4 50. Kf7 a5 51. Rg2 c4 52. Rg8 Kc5 53. Rc8+ Kb4 54. Ke6 Rd6+ 55. Ke7 c3 56. Be4 a4 57. Kf7 a3 58. Bb1 Rd2 59. Rc6 b5 60. Rxf6 Bxf6 61. Kxf6 Rb2 62. Ke6 Rxb1 63. f6 Re1+ 64. Kd5 Rf1 65. f7 Rxf7 66. Kd4 Ra7 67. Kd3 Ra4 68. Kc2 a2 69. Kd3 a1=Q 70. Kc2 Qb2+ 71. Kd3 Qd2+ 72. Ke4 Kc5+ 73. Kf3 Rf4+ 74. Kg3 Qf2+ 75. Kh3 Qf3+ 76. Kh2 Qe2+ 77. Kg1 Qd1+ 78. Kg2 Qc2+ 79. Kg3 Qf5 80. Kg2 Qg5+ 81. Kh2 Rh4# 0-1


[Site "https://www.chess.com"]

[Event "Titled Tuesday Blitz May 24 Late 2022"]
[White "Al-Tarboush, Ward"]
[Black "Kobalia, Mikhail"]
[WhiteFideId "7601450"]
[BlackFideId "4119150"]
[WhiteElo "2294"]
[BlackElo "2667"]
[Result "0-1"]
[Round "07"]
[TimeControl "180+1"]
[Date "2022.05.24"]
[WhiteClock "0:00:02"]
[BlackClock "0:00:14"]

1. e4 c5 2. Nf3 e6 3. d4 cxd4 4. Nxd4 a6 5. Bd3 Bc5 6. Nb3 Be7 7. Qg4 g6 8. Qe2 d6 9. Be3 Nc6 10. Na3 b5 11. O-O-O Qc7 12. f4 Nf6 13. Kb1 O-O 14. g4 Nb4 15. h4 Bb7 16. h5 Nxe4 17. Qh2 g5 18. fxg5 Nxg5 19. Rhf1 h6 20. Nd4 Rac8 21. Qd2 Nxd3 22. cxd3 Bd5 23. Nac2 Qb7 24. Nb4 a5 25. Nxd5 Qxd5 26. Ne2 b4 27. Nf4 Qb5 28. d4 a4 29. d5 e5 30. Ne2 Ne4 31. Qe1 Qc4 32. Bxh6 Qc2+ 33. Ka1 a3 34. Rb1 b3 35. Qd1 Rfe8 36. Qxc2 bxc2 37. Rbc1 Rc4 38. b3 Rc7 39. Rf3 Rec8 40. Re3 Ng5 41. Ng3 Kh7 42. Nf5 Bf6 0-1


[Site "https://www.chess.com"]

[Event "Titled Tuesday Blitz May 24 Late 2022"]
[White "Antipov, Mikhail Al."]
[Black "Nakamura, Hikaru"]
[WhiteFideId "4107012"]
[BlackFideId "2016192"]
[WhiteElo "2512"]
[BlackElo "2850"]
[Result "0-1"]
[Round "07"]
[TimeControl "180+1"]
[Date "2022.05.24"]
[WhiteClock "0:00:13"]
[BlackClock "0:01:05"]

1. e4 e5 2. Nf3 Nc6 3. Bc4 Bc5 4. O-O Nf6 5. d3 d6 6. c3 a6 7. a4 Ba7 8. Nbd2 O-O 9. h3 h6 10. Re1 Re8 11. Bb3 Be6 12. a5 d5 13. Ba4 Nd7 14. b4 f6 15. Nf1 Nf8 16. Nh4 d4 17. c4 Nxb4 18. Bxe8 Qxe8 19. Ba3 Nc6 20. Qd2 Nd7 21. Reb1 Rb8 22. Ng3 Bc5 23. Nhf5 Qf8 24. Bxc5 Nxc5 25. h4 g6 26. Nxh6+ Kh7 27. Nhf5 gxf5 28. exf5 Bd7 29. Qe2 Qh6 30. Ne4 Nxe4 31. Qxe4 Nd8 32. Qd5 Bc6 33. Qc5 Nf7 34. Qe7 Qg7 35. f3 Re8 36. Qxc7 Bxf3 37. Ra2 Bc6 38. Rf2 Nh6 39. Qxg7+ Kxg7 40. Rb6 Ng4 41. Rfb2 Re7 42. g3 Kh6 43. Rxc6 bxc6 44. Rb6 e4 45. dxe4 d3 46. Kf1 Rd7 0-1


[Site "https://www.chess.com"]

[Event "Titled Tuesday Blitz May 24 Late 2022"]
[White "Aung Thant Zin"]
[Black "Tanenbaum, Zachary"]
[WhiteFideId "13000063"]
[BlackFideId "2060850"]
[WhiteElo "2278"]
[BlackElo "2168"]
[Result "0-1"]
[Round "07"]
[TimeControl "180+1"]
[Date "2022.05.25"]
[WhiteClock "0:00:19"]
[BlackClock "0:01:10"]

1. e4 e5 2. Nf3 Nc6 3. d4 exd4 4. Nxd4 Bc5 5. Nb3 Bb6 6. a4 a5 7. Be2 Nf6 8. Nc3 d6 9. O-O O-O 10. Bg5 h6 11. Bh4 Be6 12. Kh1 Re8 13. f4 Bxb3 14. cxb3 g5 15. fxg5 Nxe4 16. Nxe4 Rxe4 17. Bf2 Bxf2 18. Rxf2 Qxg5 19. Rf3 Rh4 20. Rc1 Nd4 21. Rc4 Nxf3 22. Bxf3 Rxc4 23. bxc4 c6 24. h3 Re8 25. Qxd6 Re1+ 26. Kh2 Qe5+ 27. Qxe5 Rxe5 28. Kg3 Re1 29. Kf4 Rb1 30. Ke5 Rxb2 31. Kd6 Rb4 32. c5 Rxa4 33. Kc7 Rb4 0-1


[Site "https://www.chess.com"]

[Event "Titled Tuesday Blitz May 24 Late 2022"]
[White "Avramidou, Anastasia"]
[Black "Rychagov, Andrey"]
[WhiteFideId "4239873"]
[BlackFideId "4119932"]
[WhiteElo "2183"]
[BlackElo "2500"]
[Result "0-1"]
[Round "07"]
[TimeControl "180+1"]
[Date "2022.05.24"]
[WhiteClock "0:00:03"]
[BlackClock "0:00:05"]

1. d4 f5 2. Nc3 Nf6 3. Bg5 d5 4. h4 Be6 5. e3 Nbd7 6. Nh3 Bf7 7. Nf4 c6 8. Bd3 e6 9. h5 Be7 10. h6 g6 11. Qe2 e5 12. dxe5 Nxe5 13. O-O-O Qa5 14. Kb1 O-O 15. f3 b5 16. Qe1 Nxd3 17. Nxd3 b4 18. Ne2 c5 19. Nec1 c4 20. Ne5 Rfc8 21. e4 dxe4 22. Nxf7 Kxf7 23. Bxf6 Bxf6 24. Rd7+ Kg8 25. Qd2 Qe5 26. Qd5+ Qxd5 27. Rxd5 exf3 28. gxf3 Rd8 29. Rb5 Rab8 30. Ra5 Rb7 31. Ne2 b3 32. axb3 cxb3 33. c3 Rd3 34. Rf1 Re7 35. Nc1 Rd2 36. Nxb3 Rh2 37. Rd5 Ree2 38. Nd4 Rxb2+ 39. Kc1 Bxd4 40. Rxd4 Ra2 41. Kb1 Rhb2+ 42. Kc1 Rh2 43. Kb1 Rhb2+ 44. Kc1 Rb3 45. Re1 Ra1+ 46. Kc2 Rxe1 47. Kxb3 Re3 48. Rd8+ Kf7 49. Rd7+ Kf6 50. Rxh7 Rxf3 51. Rxa7 Rh3 52. h7 f4 53. Kc4 g5 54. Kd4 Kg6 55. Ke4 Rxh7 56. Ra6+ Kh5 57. c4 Re7+ 58. Kf3 Re3+ 59. Kf2 Rc3 60. Rc6 Kg4 61. c5 Rc2+ 62. Ke1 Kg3 63. Rc8 f3 64. Kd1 Rc4 65. Kd2 f2 66. Rf8 Rxc5 67. Ke2 Re5+ 68. Kd2 Re1 0-1


[Site "https://www.chess.com"]

[Event "Titled Tuesday Blitz May 24 Late 2022"]
[White "Bernal Moro, Luis Javier"]
[Black "Galiana Fernandez, Adrian"]
[WhiteFideId "2200236"]
[BlackFideId "32010150"]
[WhiteElo "2373"]
[BlackElo "2133"]
[Result "0-1"]
[Round "07"]
[TimeControl "180+1"]
[Date "2022.05.25"]
[WhiteClock "0:00:20"]
[BlackClock "0:00:06"]

1. c4 e6 2. Nc3 d5 3. d4 Nf6 4. cxd5 exd5 5. Bg5 Be7 6. Qc2 c5 7. dxc5 d4 8. Rd1 Nc6 9. Nf3 Bxc5 10. e3 O-O 11. Be2 h6 12. Bxf6 Qxf6 13. Ne4 Bb4+ 14. Kf1 Qe7 15. Nxd4 Nxd4 16. Rxd4 Bf5 17. Bd3 Rac8 18. Qd1 Rfd8 19. f3 Ba5 20. Kf2 Bb6 21. Rxd8+ Rxd8 22. Qc2 Bxe4 23. Bxe4 f5 24. Qb3+ Kh8 25. Bxf5 Rd2+ 26. Kg3 Qe5+ 27. Kg4 h5+ 28. Kg5 Bd8+ 29. Kg6 Qf6+ 30. Kxh5 Qg5# 0-1


[Site "https://www.chess.com"]

[Event "Titled Tuesday Blitz May 24 Late 2022"]
[White "Bibasa, Bob"]
[Black "Semenenko, Dmytry"]
[WhiteFideId "10000240"]
[BlackFideId "14118645"]
[WhiteElo "2032"]
[BlackElo "2113"]
[Result "1-0"]
[Round "07"]
[TimeControl "180+1"]
[Date "2022.05.25"]
[WhiteClock "0:01:29"]
[BlackClock "0:01:17"]

1. e4 Nf6 2. e5 Nd5 3. d4 d6 4. c4 Nb6 5. exd6 cxd6 6. Nc3 g6 7. Be3 Bg7 8. Rc1 O-O 9. b3 Nc6 10. h3 f5 11. d5 f4 12. Bxb6 Qxb6 13. dxc6 bxc6 14. Nf3 Qa5 15. Qd2 e5 16. Ne4 Qa3 17. Be2 Bf5 18. Nxd6 Rfd8 19. c5 e4 20. Nh4 e3 21. fxe3 fxe3 22. Qxe3 Bd4 23. Qd2 Bxc5 24. Nhxf5 Bb4 25. Bc4+ Kf8 26. Rc3 Rxd6 27. Nxd6 Bxc3 28. Qxc3 Qxd6 29. O-O+ Ke7 30. Rf7+ 1-0


[Site "https://www.chess.com"]

[Event "Titled Tuesday Blitz May 24 Late 2022"]
[White "Bluebaum, Matthias"]
[Black "Andreikin, Dmitry"]
[WhiteFideId "24651516"]
[BlackFideId "4158814"]
[WhiteElo "2556"]
[BlackElo "2736"]
[Result "1/2-1/2"]
[Round "07"]
[TimeControl "180+1"]
[Date "2022.05.24"]
[WhiteClock "0:02:04"]
[BlackClock "0:00:43"]

1. d4 Nf6 2. c4 e6 3. Nc3 Bb4 4. e3 O-O 5. Bd2 c5 6. a3 Bxc3 7. Bxc3 Ne4 8. Ne2 b6 9. d5 d6 10. dxe6 fxe6 11. f3 Nxc3 12. Nxc3 Bb7 13. Qd2 Qe7 14. Rd1 Rd8 15. Bd3 Nd7 16. O-O Nf6 17. Bc2 d5 18. Qe2 Ba6 19. Bd3 Kh8 20. cxd5 Bxd3 21. Rxd3 exd5 22. Rfd1 Qe6 23. Qd2 Rd7 24. Nxd5 Rxd5 25. Rxd5 Nxd5 26. Qxd5 Qxe3+ 27. Kh1 Re8 28. h3 h6 29. Qf7 Qe7 30. Qg6 Rd8 31. Rxd8+ Qxd8 32. Qe4 Qc7 33. h4 c4 34. Qe8+ Kh7 35. Qe4+ Kg8 36. Qe8+ Kh7 37. Qe4+ Kg8 38. Qe8+ Kh7 1/2-1/2


[Site "https://www.chess.com"]

[Event "Titled Tuesday Blitz May 24 Late 2022"]
[White "Bortnyk, Olexandr"]
[Black "Kamsky, Gata"]
[WhiteFideId "14120828"]
[BlackFideId "2000024"]
[WhiteElo "2723"]
[BlackElo "2645"]
[Result "1-0"]
[Round "07"]
[TimeControl "180+1"]
[Date "2022.05.24"]
[WhiteClock "0:00:28"]
[BlackClock "0:00:22"]

1. d4 d5 2. Nc3 Nf6 3. Bf4 Bf5 4. e3 e6 5. Nf3 a6 6. Ne5 h5 7. Bd3 Nbd7 8. Bxf5 exf5 9. Bg5 Be7 10. Qf3 Nxe5 11. dxe5 Ne4 12. Bxe7 Qxe7 13. Qxf5 g6 14. Qf4 Nxc3 15. bxc3 O-O 16. Qd4 c6 17. O-O Rae8 18. Rab1 b5 19. f4 f6 20. Qd3 Kg7 21. exf6+ Rxf6 22. Rf3 Qc5 23. Qd4 Qa3 24. f5 Re4 25. Qb6 Qe7 26. Rg3 c5 27. Rxg6+ 1-0


[Site "https://www.chess.com"]